 Dungeon Crawl Stone Soup version 0.25-a0-565-g8875c97ebb (webtiles) character file.

Game seed: 14635197956289402666, levelgen mode: classic

41238 EnegeticOcto the Pandemonic (level 13, 95/127 HPs)
             Began as a Deep Dwarf Fighter on Feb 26, 2020.
             Was a High Priest of Makhleb.
             Quit the game on level 14 of the Dungeon.
             The game lasted 00:11:07 (11352 turns).

EnegeticOcto the Pandemonic (Deep Dwarf Fighter)   Turns: 11352, Time: 00:11:08

Health: 95/127     AC: 20    Str: 23    XL:     13   Next: 78%
Magic:  6/6        EV:  9    Int: 11    God:    Makhleb [*****.]
Gold:   872        SH: 20    Dex: 14    Spells: 12/12 levels left

rFire    + . .     SeeInvis .   c - +0 war axe (venom)
rCold    . . .     Gourm    .   M - +2 tower shield
rNeg     . . .     Faith    .   E - +0 plate armour
rPois    .         Spirit   .   x - +2 helmet
rElec    .         Reflect  .   r - scarf {cloud immunity}
rCorr    .         Harm     .   K - +0 pair of gloves
MR       +....                  (no boots)
Stlth    ..........             (no amulet)
HPRegen  0.00/turn              (no ring)
MPRegen  0.10/turn              (no ring)

@: non-regenerating, studying Armour
A: damage resistance, heal wounds, agile 1, fire resistance 1, sense
surroundings 2, screaming 1, no regeneration
a: Heal Wounds, Minor Destruction, Lesser Servant of Makhleb, Major Destruction,
Greater Servant of Makhleb, Renounce Religion


You were on level 14 of the Dungeon.
You worshipped Makhleb.
Makhleb was extremely pleased with you.
You were full.

You visited 2 branches of the dungeon, and saw 16 of its levels.
You also visited: Sewer.

You collected 1149 gold pieces.
You spent 277 gold pieces at shops.

Inventory:

Hand Weapons
 a - a +1 war axe
 c - a +0 war axe of venom (weapon)
 O - a +4 dagger of distortion
Armour
 b - +0 ice dragon scales
 r - a scarf of cloud immunity (worn)
 x - a +2 helmet (worn)
 E - a +0 plate armour (worn)
 I - the +3 kite shield of Depression {+Fly rF++}
   (You found it on level 8 of the Dungeon)

   It greatly protects you from fire.
   It lets you fly.
 K - a +0 pair of gloves (worn)
 M - a +2 tower shield (worn)
Jewellery
 G - an uncursed amulet of the gourmand {unknown}
Wands
 h - a wand of clouds (5)
 l - a wand of flame (5)
 t - a wand of digging (4) {@v2}
 B - a wand of iceblast (26)
 H - a wand of acid (7) {@v1}
 L - a wand of polymorph (7)
Scrolls
 o - a scroll of magic mapping {@r5}
 u - 3 scrolls of remove curse {@r6}
 y - 6 scrolls of enchant armour
 z - a scroll of blinking {@r3}
 A - 3 scrolls of fear
 D - a scroll of enchant weapon
 F - 5 scrolls of teleportation {@r2}
 J - 4 scrolls of identify {@r1}
Potions
 d - a potion of mutation
 f - 2 potions of magic
 g - 8 potions of curing {@q1}
 i - 3 potions of lignification {@q7}
 j - 4 potions of stabbing {@q5}
 k - 2 potions of might {@q3}
 m - a potion of resistance {@q6}
 n - 4 potions of haste {@q4}
 p - 7 potions of heal wounds {@q2}
 q - 3 potions of flight
 s - 4 potions of brilliance
 v - a potion of ambrosia {unknown}
 w - 2 potions of invisibility
 N - a potion of berserk rage
Books
 C - a manual of Armour
Comestibles
 e - 20 rations


   Skills:
 * Level 11.1 Fighting
 * Level 12.8 Axes
 + Level 11.6 Armour
 - Level 9.0 Dodging
 * Level 9.9 Shields
 * Level 13.2 Invocations


You had 12 spell levels left.
You didn't know any spells.
Your spell library was empty.

Dungeon Overview and Level Annotations

Branches:
Dungeon (15/15)            Temple (1/1) D:5            Lair (0/6) D:8
    Orc (0/2) D:10         Vaults (0/5) D:13         Depths (0/5) D:15
  Sewer (visited)

Altars:
Ashenzari
Cheibriados
Dithmenos
Fedhas
Gozag
Hepliaklqana
Kikubaaqudgha
Makhleb
Nemelex Xobeh
Okawaru
Ru
Sif Muna
Trog
Uskayaw
Vehumet
Wu Jian
Xom
Zin
The Shining One

Shops:
D:10 !   D:12 (   D:14 [

Annotations:
D:4 4 runed translucent doors, Crazy Yiuf; MirrMurr's ghost, amateur GnFi
D:14 exclusion: 2 ice statues


Innate Abilities, Weirdness & Mutations

You are resistant to damage.
You can heal yourself by infusing magical energy.
You passively map the area around you.
You do not regenerate.
You are agile. (Dex +2)
Your flesh is heat resistant. (rF+)
You occasionally shout uncontrollably at your foes.


Message History

You kill the komodo dragon!
Makhleb accepts your kill.
You feel better.
The komodo dragon's shape twists and changes as it dies.
No target in view!
No target in view!
No target in view!
You now have 872 gold pieces (gained 20).
You open the door.
There is an open door here.
There is a strange disturbance nearby!
There is a strange disturbance nearby!
There is a strange disturbance nearby!
There is a strange disturbance nearby!
There is a strange disturbance nearby!
There is a strange disturbance nearby!
There is a strange disturbance nearby!
There is a strange disturbance nearby!
No target in view!
No target in view!
No target in view!
No target in view!
No target in view!
No target in view!
No target in view!
No target in view!
No target in view!
You block something's attack.
Deactivating autopickup; reactivate with Ctrl-A.
Something hits you.
You closely miss something. Something completely misses you.
You swing at nothing.
You block something's attack.
You miss something.
Something hits you but does no damage. x3
You are near starving!
You barely miss something. Something hits you but does no damage.
You swing at nothing.
You hit something. You block something's attack.
You swing at nothing.
You barely miss something. Something hits you but does no damage.
You hit something but do no damage. Something hits you but does no damage.
You block something's attack.
You swing at nothing.
You block something's attack. Something hits you but does no damage.
You miss something.
Something hits you but does no damage. x2
You hit something. You block something's attack. Something hits you.
You miss something. Something hits you. You block something's attack.
Something hits you but does no damage.
You hit something. Something hits you but does no damage.
You swing at nothing.
Something hits you but does no damage.
You closely miss something.
Something hits you but does no damage. x2
Something hits you.
Your plate armour prevents you from hitting something.
Something hits you but does no damage. You block something's attack.
You slash something!
Something hits you but does no damage. x2
You closely miss something. Something hits you.
You swing at nothing.
You block something's attack.
You barely miss something. Something hits you.
You barely miss something. Makhleb accepts your kill.
You feel better.
Reactivating autopickup.
You feel a bit more experienced.
You swing at nothing.
You swing at nothing.
You swing at nothing.
You swing at nothing.
You swing at nothing.
You swing at nothing.
You swing at nothing.
You swing at nothing.
You swing at nothing.
You swing at nothing.
You swing at nothing.
You swing at nothing.
v - a smoky black potion
Found 11 bolts.
y - 6 scrolls of enchant armour (gained 1)
You enter the shallow water.
Moving in this stuff is going to be slow.
You enter the shallow water.
Moving in this stuff is going to be slow.
There is an opulent altar of Gozag here.
Found a trident.
You open the door.
You are starving!
Found a leather armour.
You need to eat something NOW!
You need to eat something NOW!
You need to eat something NOW!
You need to eat something NOW!
You need to eat something NOW!
You need to eat something NOW!
You are too hungry to fight recklessly!
You are too hungry to fight recklessly!
You eat one of the 22 rations.
That ration really hit the spot!
You eat one of the 21 rations.
That ration really hit the spot!
Search for what [Enter for "broad", or ? for help]? broad Can't find anything matching that.
Unknown command.
Are you sure you want to abandon this character and quit the game? (Confirm with "yes".)

* , ,,#...#..........# * *
.......#.).#..........## ,
, .......#..............#.
, .....[.#................
, ,,
.......##'#...........#. ,
, ,
.......*#.#.####......#.
**
.......*#.#.#########.#.
.......##...............
.......@....#########.##
##..........#########.##
#.....................#
#......................
#......................
####
#...........########...
...# #..............# ##.#
...# #..............# #..
...################......#
###


There were no monsters in sight!

Vanquished Creatures
  Josephine (D:11)
  2 vault guards (D:13)
  Fannar (D:10)
  2 centaur warriors (D:13)
  3 two-headed ogres
  2 tengu warriors
  A skeletal warrior (D:11)
  5 unseen horrors
  Pikel (D:5)
  A wolf spider zombie (D:12)
  A deep elf mage (D:14)
  A cyclops (D:12)
  A manticore (D:14)
  Maurice (D:9)
  2 ice statues (D:14)
  A gargoyle (D:13)
  5 yaktaurs (D:15)
  A komodo dragon (shapeshifter) (D:14)
  A kobold demonologist (D:13)
  An efreet (D:14)
  9 trolls
  A hornet (D:11)
  Prince Ribbit (D:6)
  5 hippogriffs
  2 slime creatures
  3 shadows
  3 wyverns
  5 wraiths
  A human (D:7)
  2 water elementals (D:11)
  11 yaks
  2 hogs (D:7)
  4 hungry ghosts
  2 basilisks
  A steam dragon (D:9)
  An acid dragon (D:13)
  3 soldier ants
  A water moccasin (D:10)
  Duvessa (D:5)
  8 orc warriors
  7 sky beasts
  A black bear (D:10)
  16 ice beasts
  A necrophage (D:10)
  11 ogres
  7 phantoms
  21 centaurs
  A crocodile (D:8)
  7 big kobolds
  9 bullfrogs
  A gnoll sergeant (D:7)
  A wyvern zombie (D:9)
  A wyvern skeleton (D:12)
  Dowan (D:5)
  8 scorpions
  2 killer bees
  4 wights
  3 electric eels (D:11)
  2 howler monkeys
  5 crimson imps
  3 centaur zombies
  A bullfrog zombie (D:9)
  10 orc priests
  5 hounds
  A wyvern simulacrum (D:14)
  A quasit (D:15)
  3 bullfrog skeletons
  7 jellies
  6 centaur skeletons
  5 iguanas
  Natasha (thrice) (D:3)
  13 orc wizards
  7 worker ants
  A hound zombie (D:5)
  2 hound skeletons
  Robin (D:3)
  2 howler monkey skeletons
  3 worker ant zombies
  13 adders
  5 gnolls (D:7)
  5 river rats
  3 shadow imps
  An ooze (Sewer)
  3 adder skeletons
  4 worms
  6 dart slugs
  8 leopard geckos
  43 orcs
  3 ball pythons (Sewer)
  6 giant cockroaches
  12 goblins
  10 hobgoblins
  6 jackals
  3 bats
  8 frilled lizards
  32 kobolds
  A leopard gecko zombie (D:7)
  A quokka skeleton (D:7)
  29 rats
485 creatures vanquished.

Vanquished Creatures (collateral kills)
  A fire dragon (D:15)
  An ice dragon (D:15)
  2 vault guards (D:13)
  4 skeletal warriors (D:12)
  An unseen horror (D:12)
  A deep elf mage (D:12)
  A vampire (D:12)
  A phantom (D:12)
  A hound (D:12)
  An orc wizard (D:12)
  A bullfrog skeleton (D:12)
15 creatures vanquished.

Vanquished Creatures (others)
  A slave (D:5)
  An adder zombie (D:5)
2 creatures vanquished.

Grand Total: 502 creatures vanquished

Notes
Turn   | Place    | Note
-------+----------+-------------------------------------------
     0 | D:1      | EnegeticOcto the Deep Dwarf Fighter began the quest for the
                  | Orb.
     0 | D:1      | Reached XP level 1. HP: 20/20 MP: 1/1
    97 | D:1      | Reached XP level 2. HP: 27/27 MP: 2/2
   199 | D:1      | Reached skill level 1 in Dodging
   242 | D:1      | Reached XP level 3. HP: 32/34 MP: 3/3
   276 | D:2      | Found a shattered altar of Ashenzari.
   328 | D:3      | Noticed a scorpion
   336 | D:3      | Killed a scorpion
   336 | D:3      | Reached XP level 4. HP: 31/42 MP: 4/4
   374 | D:3      | Noticed Natasha
   383 | D:3      | Killed Natasha
   383 | D:3      | Reached XP level 5. HP: 25/49 MP: 5/5
   401 | D:3      | Noticed Natasha
   409 | D:3      | Killed Natasha
   423 | D:3      | Noticed Robin
   441 | D:3      | Killed Robin
   541 | D:3      | Reached XP level 6. HP: 41/57 MP: 6/6
   557 | D:3      | Found a glowing drain.
   562 | Sewer    | Entered a sewer
   894 | Sewer    | Reached skill level 5 in Axes
   894 | Sewer    | Reached XP level 7. HP: 58/66 MP: 6/6
  1176 | D:3      | Noticed Natasha
  1184 | D:3      | Killed Natasha
  1296 | D:4      | Found a runed translucent gate.
  1296 | D:4      | Found a runed translucent gate.
  1296 | D:4      | Found a runed translucent gate.
  1296 | D:4      | Noticed MirrMurr's ghost (amateur GnFi)
  1367 | D:4      | Found a runed translucent door.
  1368 | D:4      | Noticed Crazy Yiuf
  1767 | D:4      | Reached skill level 5 in Fighting
  1888 | D:4      | Reached skill level 5 in Shields
  2003 | D:5      | Entered Level 5 of the Dungeon
  2023 | D:5      | Noticed Duvessa
  2023 | D:5      | Noticed Dowan
  2036 | D:5      | Killed Dowan
  2044 | D:5      | Reached XP level 8. HP: 55/74 MP: 5/5
  2050 | D:5      | Killed Duvessa
  2050 | D:5      | Reached skill level 5 in Armour
  2188 | D:5      | Found a staircase to the Ecumenical Temple.
  2200 | Temple   | Entered the Ecumenical Temple
  2427 | Temple   | Became a worshipper of Makhleb the Destroyer
  2459 | D:5      | Noticed Pikel
  2468 | D:5      | Killed Pikel
  2468 | D:5      | Reached skill level 2 in Invocations
  2547 | D:5      | Reached skill level 3 in Invocations
  2565 | D:5      | Found an opulent altar of Gozag.
  2579 | D:5      | Found a glowing golden altar of the Shining One.
  2645 | D:5      | Gained mutation: You passively map the area around you.
                  | [Deep Dwarf growth]
  2645 | D:5      | Reached XP level 9. HP: 60/82 MP: 7/7
  2657 | D:5      | Gained mutation: You are agile. (Dex +2) [potion of
                  | mutation]
  2657 | D:5      | Gained mutation: You occasionally shout uncontrollably at
                  | your foes. [potion of mutation]
  2657 | D:5      | Gained mutation: Your flesh is heat resistant. (rF+)
                  | [potion of mutation]
  3492 | D:6      | Noticed Prince Ribbit
  3513 | D:6      | Killed Prince Ribbit
  3568 | D:6      | Reached skill level 4 in Invocations
  3584 | D:6      | Found a radiant altar of Vehumet.
  3598 | D:6      | Found an ancient bone altar of Kikubaaqudgha.
  3608 | D:6      | Found a shimmering blue altar of Sif Muna.
  3787 | D:6      | Found a sparkling altar of Nemelex Xobeh.
  3787 | D:6      | Found a sacrificial altar of Ru.
  4291 | D:7      | Reached * piety under Makhleb
  4295 | D:7      | Reached skill level 5 in Dodging
  4303 | D:7      | Reached skill level 5 in Invocations
  4497 | D:7      | Reached skill level 6 in Invocations
  4502 | D:7      | Reached XP level 10. HP: 86/94 MP: 10/10
  4779 | D:7      | Reached ** piety under Makhleb
  4947 | D:8      | Noticed a two-headed ogre
  4976 | D:8      | Killed a two-headed ogre
  4976 | D:8      | Reached skill level 7 in Invocations
  5044 | D:8      | Found a staircase to the Lair.
  5148 | D:8      | Found a blossoming altar of Fedhas.
  5275 | D:8      | Got a bloodstained kite shield
  5286 | D:8      | Identified the +3 kite shield of Depression {+Fly rF++}
                  | (You found it on level 8 of the Dungeon)
  5465 | D:8      | Found a glowing silver altar of Zin.
  5563 | D:9      | Found a burning altar of Makhleb.
  5564 | D:9      | Found an opulent altar of Gozag.
  5564 | D:9      | Found an ancient bone altar of Kikubaaqudgha.
  5564 | D:9      | Found a hide-covered altar of Uskayaw.
  5573 | D:9      | Noticed a tengu warrior
  5620 | D:9      | Killed a tengu warrior
  5620 | D:9      | Reached skill level 8 in Invocations
  5655 | D:9      | Got a brightly glowing granite ring
  5657 | D:9      | Identified the ring of the Heron {Dex+4 Stlth-} (You found
                  | it on level 9 of the Dungeon)
  5819 | D:9      | Reached XP level 11. HP: 103/103 MP: 10/10
  5825 | D:9      | Reached *** piety under Makhleb
  6040 | D:9      | Reached skill level 9 in Invocations
  6346 | D:9      | Noticed Maurice
  6358 | D:9      | Killed Maurice
  6358 | D:9      | Reached skill level 10 in Axes
  6519 | D:10     | Entered Level 10 of the Dungeon
  6622 | D:10     | Reached **** piety under Makhleb
  6649 | D:10     | Killed an unseen horror
  6716 | D:10     | Noticed Fannar
  6745 | D:10     | Killed Fannar
  6887 | D:10     | Found a staircase to the Orcish Mines.
  6982 | D:10     | Found Risa's Distillery.
  7028 | D:11     | Noticed Josephine
  7048 | D:11     | Killed Josephine
  7048 | D:11     | Reached skill level 10 in Invocations
  7284 | D:11     | Reached XP level 12. HP: 102/114 MP: 12/12
  7694 | D:11     | Noticed Psyche
  7697 | D:11     | Noticed Psyche
  7697 | D:11     | Psyche changed into Psyche the hornet
  7702 | D:11     | Killed Psyche the hornet
  8280 | D:12     | Noticed a two-headed ogre
  8287 | D:12     | Killed a two-headed ogre
  8301 | D:12     | Reached skill level 11 in Invocations
  8501 | D:12     | Found Getuuses's Weapon Shop.
  8537 | D:12     | Reached skill level 10 in Armour
  8711 | D:12     | Reached ***** piety under Makhleb
  8790 | D:12     | Reached skill level 10 in Fighting
  8829 | D:12     | Noticed a balrug
  9465 | D:13     | Noticed a centaur warrior
  9482 | D:13     | Reached skill level 12 in Invocations
  9485 | D:13     | Killed a centaur warrior
  9485 | D:13     | Reached XP level 13. HP: 107/124 MP: 8/10
  9525 | D:13     | Found a gate to the Vaults.
  9675 | D:13     | You fall into a shaft and drop 2 floors!
  9675 | D:15     | Entered Level 15 of the Dungeon
 10073 | D:15     | Noticed a fire dragon
 10098 | D:15     | Killed a fire dragon
 10105 | D:15     | Found a staircase to the Depths.
 10511 | D:14     | Found an opulent altar of Gozag.
 10673 | D:14     | Reached skill level 13 in Invocations
 10800 | D:14     | Found Qiarph's Antique Armour Shoppe.
 10808 | D:14     | Bought a shiny tower shield for 277 gold pieces
 11352 | D:14     | Quit the game

Levels and vault maps discovered:
D:1:      wander_arrival_estate, layout_rooms
D:2:      layout_rooms, nicolae_qazlal_eye_of_the_storm, ashenzari_altar_1
D:3:      minmay_roachtagon, layout_rooms, kennysheep_ying_yang,
          lightli_sewer_entry_pipes, serial_park_tiny_1, uniq_natasha,
          uniq_robin
D:4:      layout_basic, first_ration, gammafunk_ghost_split,
          uniq_crazy_yiuf_cottage
D:5:      wad_river_or_something, layout_loops_corners,
          grunt_temple_overflow_open, minmay_temple_entry_mist, uniq_pikel,
          uniq_duvessa
D:6:      layout_basic, palyth_temple_overflow_mages,
          gammafunk_temple_overflow_elements, uniq_prince_ribbit1
D:7:      layout_cave_pools, grunt_livestock, kennysheep_generic_room_2
D:8:      layout_rooms, zin_statuary, overflow_temple_1_default,
          dpeg_oklobed_lair, minmay_diamond_spiral
D:9:      minmay_the_grid_octo_tiled_squarecenter
          [minmay_the_grid_octo_fat_diamond, minmay_the_grid_octo_clover_2,
          minmay_the_grid_octo_teeth, minmay_the_grid_octo_shrine,
          minmay_the_grid_square_5x5_megaprize_crossed,
          minmay_the_grid_square_5x5_slash,
          minmay_the_grid_square_5x5_hourglass,
          minmay_the_grid_square_5x5_minivault, minmay_the_grid_square_5x5_z],
          layout_loops_ring, uniq_maurice
D:10:     layout_gridville, david_orc_3, serial_shops, kennysheep_mini,
          uniq_fannar
D:11:     layout_basic, uniq_psyche, uniq_josephine
D:12:     layout_grid_maze, serial_shops,
          nicolae_shop_temple_entry_statues_fountains, minmay_quadrilaterals
D:13:     layout_roguey, lightli_vaults_fourway_checkpoint
D:14:     minmay_ice_pillars, layout_basic,
          nicolae_gozag_cash_rules_everything_around_me, serial_shops, shop,
          drop_trap
D:15:     grunt_enter_depths_hoard, layout_loops_ring, moated_statue,
          minmay_misc_feat_iff
Temple:   dpeg_chambers_temple

Skill      XL: |  1  2  3  4  5  6  7  8  9 10 11 12 13 |
---------------+----------------------------------------+-----
Fighting       | 3 4 5 6 7 8 9 10 11 | 11.1
Dodging        | 1 2 3 4 5 6 7 8 9 |  9.0
Axes           | 3 4 5 7 8 9 10 11 12 | 12.8
Armour         | 4 5 6 7 9 10 11 | 11.6
Shields        | 4 5 6 7 8 9 |  9.9
Invocations    | 3 6 8 10 12 13 | 13.2

Action                   |  1- 3 |  4- 6 |  7- 9 | 10-12 | 13-15 || total
-------------------------+-------+-------+-------+-------+-------++-------
Melee: War axe           |    85 |   201 |   378 |   940 |   366 ||  1970
Invok: Lesser Servant of |       |       |       |     8 |     4 ||    12
       Greater Servant o |       |       |       |     1 |       ||     1
 Abil: Heal Wounds       |       |     7 |    14 |    40 |     9 ||    70
Evoke: Wand              |       |       |     2 |    11 |       ||    13
  Use: Scroll            |       |       |    20 |     4 |     2 ||    26
       Potion            |       |       |     1 |       |     2 ||     3
 Stab: Distracted        |       |       |       |     2 |     1 ||     3
  Eat: Chunk             |       |     1 |    14 |    15 |     6 ||    36
       Ration            |       |       |     1 |       |     2 ||     3
Armor: Scale mail        |    46 |   138 |   136 |    19 |       ||   339
       Plate armour      |       |       |       |   461 |   139 ||   600
       Ice dragon scales |       |       |       |       |    30 ||    30
Dodge: Dodged            |    24 |   115 |   143 |   375 |   129 ||   786
Block: Kite shield       |    49 |   158 |   223 |   836 |   235 ||  1501
       Tower shield      |       |       |       |       |    81 ||    81

Table legend:
 A = Non-vault XP
 B = Vault XP
 C = Vault XP percentage of total XP
 D = Non-vault monster count
 E = Vault monster count
 F = Vault count percentage of total count
                 A         B        C        D         E       F
            +---------+---------+-------+---------+---------+-------
      Total |   36053 |   22859 |  38.8 |     332 |     168 |  33.6
            +---------+---------+-------+---------+---------+-------
        D:1 |      48 |       0 |   0.0 |      23 |       0 |   0.0
        D:2 |      12 |       0 |   0.0 |       6 |       0 |   0.0
        D:3 |     246 |     125 |  33.7 |      26 |      20 |  43.5
        D:4 |     505 |       0 |   0.0 |      15 |       0 |   0.0
        D:5 |     496 |    1126 |  69.4 |      19 |       8 |  29.6
        D:6 |     680 |     394 |  36.7 |      10 |       4 |  28.6
        D:7 |    1410 |    1040 |  42.4 |      29 |       6 |  17.1
        D:8 |    1657 |     165 |   9.1 |      16 |       4 |  20.0
        D:9 |    1055 |    5564 |  84.1 |      19 |      32 |  62.7
       D:10 |    2625 |    1204 |  31.4 |      27 |       7 |  20.6
       D:11 |    4796 |    1979 |  29.2 |      34 |       5 |  12.8
       D:12 |    9626 |    1325 |  12.1 |      54 |       9 |  14.3
       D:13 |    2555 |    5697 |  69.0 |      18 |      12 |  40.0
       D:14 |    4301 |    2079 |  32.6 |      19 |      11 |  36.7
       D:15 |    6041 |    1744 |  22.4 |      17 |       2 |  10.5
      Sewer |       0 |     417 | 100.0 |       0 |      48 | 100.0
            +---------+---------+-------+---------+---------+-------
